 Dungeon Crawl Stone Soup version 0.29-a0-789-g7a8fcbc185 (webtiles) character file.

Game seed: 4782025143547752717

182 dracfodder the Digger (level 5, 0/29 HPs)
             Began as a Gargoyle Earth Elementalist on July 2, 2022.
             Slain by a bouda
             ... wielding a +0 whip of venom
              (2 damage)
             ... on level 4 of the Dungeon.
             The game lasted 00:16:48 (2992 turns).

dracfodder the Digger (Gargoyle Earth Elementalist) Turns: 2992, Time: 00:16:48

Health: 0/29       AC:  8    Str: 12    XL:     5   Next: 61%
Magic:  13/19      EV: 12    Int: 17    God:
Gold:   95         SH:  0    Dex: 10    Spells: 5/11 levels left

rFire   . . .      SeeInvis +   a - +1 mace (vorpal)
rCold   . . .      Faith    .   (no shield)
rNeg    + . .      Spirit   .   l - +0 robe
rPois   ∞          Reflect  .   (no helmet)
rElec   +          Harm     .   k - +1 cloak
rCorr   .          Rampage  .   (no gloves)
Will    .....                   (no boots)
Stlth   ++........              (no amulet)
HPRegen 0.09/turn               f - ring of magical power
MPRegen 0.16/turn               h - ring of see invisible

@: weakened
A: sickness immunity, AC +4, negative energy resistance 1, electricity
resistance, torment resistance 1, petrification resistance
a: no special abilities


You were on level 4 of the Dungeon.
You visited 1 branch of the dungeon, and saw 4 of its levels.

You collected 109 gold pieces.
You spent 14 gold pieces at shops.

Inventory:

Hand Weapons
 a - a +1 vorpal mace (weapon)
 b - a +1 sling
Armour
 k - a +1 cloak (worn)
 l - a +0 robe (worn)
Jewellery
 f - a ring of magical power (left hand)
 h - a ring of see invisible (right hand)
Scrolls
 d - 2 scrolls of identify
 e - 2 scrolls of amnesia
Potions
 c - a potion of might {unknown}
 j - a potion of magic
 m - 3 potions of heal wounds
 n - a potion of curing
 o - 2 potions of flight
 p - a potion of haste


   Skills:
 + Level 1.2 Fighting
 + Level 0.3 Ranged Weapons
 + Level 1.8 Dodging
 + Level 2.9 Stealth
 + Level 3.7 Spellcasting
 + Level 0.7 Transmutations
 + Level 5.0 Earth Magic


You had 5 spell levels left.
You knew the following spells:

 Your Spells              Type           Power      Damage    Failure   Level
a - Sandblast             Erth           40%        2d10      1%          1
b - Passwall              Tmut/Erth      10%        N/A       8%          2
c - Stone Arrow           Conj/Erth      22%        3d8       17%         3

Your spell library contained the following spells:

 Spells                   Type           Power      Damage    Failure   Level
 Ensorcelled Hibernation  Hex/Ice        6%         N/A       24%         2
 Swiftness                Air            3%         N/A       43%         3
 Petrify                  Tmut/Erth      13%        N/A       45%         4


Dungeon Overview and Level Annotations

Branches:
Dungeon (4/15)
 Temple: D:4-7

Altars:

Shops:
D:3 (!=((   D:4 *


Innate Abilities, Weirdness & Mutations

You are immune to sickness and miasma.
Your stone body is resilient. (AC +4)
You are immune to poison.
You resist negative energy. (rN+)
You are resistant to electric shocks. (rElec)
You are resistant to unholy torment.
You are immune to petrification.


Message History

The blast of sand hits the gnoll!
The gnoll is almost dead.
The gnoll barely misses you. x2
Aiming: Sandblast (safe; 1% risk of failure)
Press: ? - help, Q - select action, (/) - cycle Shift-Dir - straight line, f - bouda, p - gnoll
Aim: a bouda, wielding a +0 whip of venom and wearing a +0 leather armour (83% to hit)
The blast of sand hits the gnoll.
You kill the gnoll!
The bouda barely misses you.
Your Fighting skill increases to level 1!
Aiming: Sandblast (safe; 1% risk of failure)
Press: ? - help, Q - select action, (/) - cycle Shift-Dir - straight line, f/p - bouda
Aim: a bouda, wielding a +0 whip of venom and wearing a +0 leather armour (83% to hit)
The blast of sand misses the bouda.
The bouda hits you with a +0 whip of venom!
The bouda barely misses you.
Aiming: Sandblast (safe; 1% risk of failure)
Press: ? - help, Q - select action, (/) - cycle Shift-Dir - straight line, f/p - bouda
Aim: a bouda, wielding a +0 whip of venom and wearing a +0 leather armour (83% to hit)
The blast of sand hits the bouda!
The bouda is moderately wounded.
The bouda barely misses you.
The bouda hits you with a +0 whip of venom.
Aiming: Sandblast (safe; 1% risk of failure)
Press: ? - help, Q - select action, (/) - cycle Shift-Dir - straight line, f/p - bouda
Aim: a bouda, wielding a +0 whip of venom and wearing a +0 leather armour (moderately wounded, 83% to hit)
The blast of sand hits the bouda.
The bouda is heavily wounded.
The bouda hits you with a +0 whip of venom! x2
* * * LOW HITPOINT WARNING * * *
Aiming: Sandblast (safe; 1% risk of failure)
Press: ? - help, Q - select action, (/) - cycle Shift-Dir - straight line, f/p - bouda
Aim: a bouda, wielding a +0 whip of venom and wearing a +0 leather armour (heavily wounded, 83% to hit)
The blast of sand hits the bouda but does no damage.
The bouda is heavily wounded.
The bouda gazes fiercely through you!
You feel your attacks grow feeble. The bouda closely misses you.
The bouda hits you with a +0 whip of venom.
You die...

.#####...........#
#............(..#
#.###...........#
#.#.'...........####
#.#.#..............#
#.#.#.######.......#
#.......# #.......#
#.##########.......#
#...g@......########
#.#########.# ######
#.gg..# ...####.###......
#.#######.........#......
.........###.#.....)..
........ ...#....####
###.....######....#
..................#
........######....#


You could see a bouda.

Vanquished Creatures
  10 gnolls
  3 adders (D:2)
  7 ball pythons
  8 bats
  4 endoplasms
  2 giant cockroaches
  4 goblins
  4 hobgoblins
  2 jackals (D:2)
  4 kobolds
  2 quokkas (D:2)
  4 frilled lizards
  4 rats (D:1)
58 creatures vanquished.

Notes
Turn   | Place    | Note
-------+----------+-------------------------------------------
     0 | D:1      | dracfodder the Gargoyle Earth Elementalist began the quest
                  | for the Orb.
     0 | D:1      | Reached XP level 1. HP: 10/10 MP: 3/3
    98 | D:1      | Reached skill level 4 in Earth Magic
   101 | D:1      | Reached XP level 2. HP: 15/15 MP: 0/5
   487 | D:1      | Learned a level 2 spell: Passwall
   636 | D:1      | Reached XP level 3. HP: 19/19 MP: 3/6
   642 | D:1      | Learned a level 3 spell: Stone Arrow
  1237 | D:2      | Reached XP level 4. HP: 24/24 MP: 8/8
  1855 | D:2      | Found a faded altar of an unknown god.
  1996 | D:3      | Found Uzil's Antique Weapon Emporium.
  2108 | D:3      | Found Loehol's Distillery.
  2115 | D:3      | Bought a potion of degeneration for 14 gold pieces
  2226 | D:3      | Found Nif Wede's Antique Weapon Emporium.
  2272 | D:3      | Found Nyismouts's Weapon Shop.
  2278 | D:3      | Reached XP level 5. HP: 28/28 MP: 9/9
  2294 | D:3      | Found Fublu's Jewellery Boutique.
  2879 | D:4      | Found Lathrixko's General Store.
  2891 | D:4      | Reached skill level 5 in Earth Magic
  2989 | D:4      | Reached skill level 1 in Fighting
  2992 | D:4      | Slain by a bouda

Illustrated notes

Levels and vault maps discovered:
D:1:      shiori_arrival_maze, layout_basic
D:2:      layout_loops_ring, hellmonk_ecumenical_altar_dog_temple,
          kennysheep_generic_room_6
D:3:      layout_basic, serial_shops, shop_fountains, nicolae_shop_hallway_plus,
          nicolae_shop_temple_entry_statues_fountains, shop,
          nicolae_shop_temple_entry_statues_fountains, palyth_stone_intersect,
          nicolae_titane
D:4:      layout_basic, serial_shops, shop_statue, shop,
          nicolae_shop_hallway_plus, kennysheep_mini_moat, shop

Skill      XL: |  1  2  3  4  5 |
---------------+----------------+-----
Earth Magic    | 4 5 |  5.0
Spellcasting   | 3 |  3.7
Fighting       | 1 |  1.2
Ranged Weapons | |  0.3
Dodging        | |  1.8
Stealth        | |  2.9
Transmutations | |  0.7

Action                   |  1- 3 |  4- 6 || total
-------------------------+-------+-------++-------
Melee: Mace              |       |     4 ||     4
 Fire: Sling             |     6 |    10 ||    16
 Cast: Sandblast         |    45 |    40 ||    85
       Stone Arrow       |     1 |     4 ||     5
  Use: Scroll            |     6 |     6 ||    12
Armor: Robe              |     7 |     8 ||    15
Dodge: Dodged            |    10 |    16 ||    26

Table legend: (Time is in decaauts)
 A = Elapsed time spent in this place.
 B = Non-inter-level travel time spent in this place.
 C = Inter-level travel time spent in this place.
 D = Time resting spent in this place.
 E = Time spent auto-exploring this place.
 F = Levels seen in this place.
 G = Mean time per level.
                   A        B        C        D        E       F      G
               +--------+--------+--------+--------+--------+-----+--------+
         Total |   3080 |   3036 |     44 |    501 |   2004 |   4 |  770.0 |
       Dungeon |   3080 |   3036 |     44 |    501 |   2004 |   4 |  770.0 |
               +--------+--------+--------+--------+--------+-----+--------+

Top non-repeatable levels by time:
     D:2: 1127 daAuts
     D:1: 931 daAuts
     D:3: 864 daAuts
     D:4: 156 daAuts
